 Dungeon Crawl Stone Soup version 0.30-a0-1160-g6e42c06551 (webtiles) character file.

Game seed: 13477239993641087257

152393 Esekla the Thaumaturge (level 17, -28/119 HPs)
             Began as an Octopode Delver on Apr 26, 2023.
             Was an Initiate of Gozag.
             Blown up by an orb spider (58 damage)
             ... with an orb of destruction
             ... summoned by a broodmother
             ... on level 4 of the Spider Nest.
             The game lasted 04:41:15 (42662 turns).

Esekla the Thaumaturge (Octopode Delver)           Turns: 42662, Time: 04:41:16

Health: -28/119    AC:  3    Str: 25      XL:     17   Next: 58%
Magic:  0/44       EV: 22    Int: 45      God:    Gozag
Gold:   1146       SH:  9    Dex: 19 (20) Spells: 10/44 levels left

rFire   + . .        a - +4 falchion (venom)
rCold   x . .        v - +1 buckler of the Mind {Fly rC- rN+ Str+7 Int+2}
rNeg    + + .        (helmet restricted)
rPois   +            d - amulet "Lucyunur" {Spirit rN+ Str+3 Int+3}
rElec   .            j - +6 ring of intelligence
rCorr   +            Z - +4 ring of slaying
SInv    +            g - ring "Wummen" {Wiz rPois Str+3 SInv}
Will    +....        W - ring of the Octopus King {rF+ HP+2 AC+2 EV+2 SH+2}
Stlth   ++++++       J - ring "Qoipoj" {rCorr MP+9 Int+3}
HPRegen 0.39/turn    C - +6 ring of intelligence
MPRegen 0.29/turn    L - +6 ring of intelligence
                     V - +6 ring of dexterity

%: guardian spirit, wizardry (x1)
@: wereblooded, gold aura, flying, very slightly contaminated
A: almost no armour, amphibious, 8 rings, camouflage 1, gelatinous body 1,
(nimble swimmer 1), tentacles
a: Renounce Religion, Potion Petition, Call Merchant, Bribe Branch


You were on level 4 of the Spider Nest.
You worshipped Gozag.
Gozag was most pleased with you.
You visited 5 branches of the dungeon, and saw 27 of its levels.
You also visited: Gauntlet.

You collected 10250 gold pieces.
You spent 6034 gold pieces at shops.
You paid 3070 gold pieces to Gozag.

Inventory:

Hand Weapons
 a - a +4 falchion of venom (weapon)
 f - a +2 scimitar of flaming
 r - the +4 spear "Vekluocw" {drain, SInv}
   (You took it off a minotaur in a Gauntlet)

   SInv:      It lets you see invisible.
 s - a +5 dagger of venom
 M - a +2 rapier of protection
Missiles
 i - 19 poisoned darts
 t - 7 curare-tipped darts
 y - 10 boomerangs (quivered)
 I - 9 javelins
Armour
 v - the +1 buckler of the Mind (worn) {Fly rC- rN+ Str+7 Int+2}
   (You acquired it on level 5 of the Dungeon)

   Str:       It affects your strength (+7).
   Int:       It affects your intelligence (+2).
   rC:        It makes you vulnerable to cold.
   rN:        It protects you from negative energy.
   Fly:       It grants you flight.
Jewellery
 d - the amulet "Lucyunur" (around mantle) {Spirit rN+ Str+3 Int+3}
   (You bought it in a shop on level 2 of the Orcish Mines)

   [amulet of guardian spirit]

   It causes incoming damage to be divided between your reserves of health and
   magic.
   Str:       It affects your strength (+3).
   Int:       It affects your intelligence (+3).
   rN:        It protects you from negative energy.
 g - the ring "Wummen" (on tentacle) {Wiz rPois Str+3 SInv}
   (You bought it in a shop on level 11 of the Dungeon)

   [ring of wizardry]

   It improves your spell success rate.
   Str:       It affects your strength (+3).
   rPois:     It protects you from poison.
   SInv:      It lets you see invisible.
 j - a +6 ring of intelligence (left tentacle)
 n - a ring of wizardry
 q - a ring of protection from cold
 C - a +6 ring of intelligence (on tentacle)
 H - a ring of protection from cold
 J - the ring "Qoipoj" (on tentacle) {rCorr MP+9 Int+3}
   (You bought it in a shop on level 11 of the Dungeon)

   [ring of magical power]

   Int:       It affects your intelligence (+3).
   MP:        It affects your magic capacity (+9).
   rCorr:     It protects you from acid and corrosion.
 L - a +6 ring of intelligence (on tentacle)
 V - a +6 ring of dexterity (on tentacle)
 W - a ring of the Octopus King (on tentacle) {rF+ HP+2 AC+2 EV+2 SH+2}
   (You found it in a Gauntlet)

   [ring of protection from fire]

   AC:        It affects your AC (+2).
   EV:        It affects your evasion (+2).
   rF:        It protects you from fire.
   HP:        It affects your health (+2).
   SH:        It affects your SH (+2).
 X - a ring of ice
 Z - a +4 ring of slaying (right tentacle)
Wands
 K - a wand of light (15)
 N - a wand of digging (2)
 O - a wand of flame (27)
 Q - a wand of roots (13)
 T - a wand of mindburst (8)
Scrolls
 b - 6 scrolls of fog
 l - 4 scrolls of magic mapping
 o - 8 scrolls of enchant armour
 w - 3 scrolls of blinking
 x - 3 scrolls of poison
 z - 5 scrolls of enchant weapon
 B - 3 scrolls of identify
 R - a scroll of teleportation
 Y - 3 scrolls of fear
Potions
 c - a potion of resistance
 e - 6 potions of flight
 h - 5 potions of might
 k - a potion of invisibility
 m - 4 potions of brilliance
 p - 8 potions of curing
 u - 4 potions of mutation
 A - 2 potions of haste
 D - 3 potions of attraction
 E - 5 potions of cancellation
 F - a potion of magic
 G - 3 potions of lignification
 P - 6 potions of heal wounds
 S - 2 potions of ambrosia
 U - 3 potions of berserk rage


   Skills:
 * Level 11.4 Fighting
 + Level 5.5(9.7) Short Blades
 * Level 12.4(12.8) Long Blades
 + Level 1.4 Polearms
 + Level 4.9 Throwing
 * Level 11.2 Dodging
 - Level 12.3 Stealth
 + Level 5.2 Shields
 * Level 14.1 Spellcasting
 + Level 6.2 Conjurations
 * Level 2.5 Summonings
 + Level 5.7 Transmutations
 + Level 6.3 Ice Magic
 * Level 9.0 Air Magic
 + Level 9.1 Poison Magic
 + Level 0.5 Evocations


You had 10 spell levels left.
You knew the following spells:

 Your Spells              Type           Power      Damage    Failure   Level
c - Mephitic Cloud        Conj/Pois/Air  81%        N/A       1%          3
i - Irradiate             Conj/Tmut      35%        3d23      1%          5
k - Airstrike             Air            42%        2d(7-23)  1%          4
m - Maxwell's Capacitive  Air            42%        ∞         50%         8
p - Apportation           Tloc           62%        N/A       1%          1
s - Summon Lightning Spi  Summ/Air       71%        N/A       1%          4
v - Poisonous Vapours     Pois/Air       100%       N/A       1%          2
w - Wereblood             Tmut           70%        N/A       1%          2
z - Freezing Cloud        Conj/Ice/Air   38%        6-21      1%          5

Your spell library contained the following spells:

 Spells                   Type           Power      Damage    Failure   Level
 Beastly Appendage        Tmut           100%       N/A       1%          1
 Necrotise                Necr           100%       1d9       1%          1
 Shock                    Conj/Air       100%       1d9       1%          1
 Summon Small Mammal      Summ           100%       N/A       1%          1
 Sublimation of Blood     Necr           31%        N/A       1%          2
 Call Canine Familiar     Summ           53%        N/A       1%          3
 Portal Projectile        Hex/Tloc       62%        N/A       1%          3
 Spider Form              Tmut/Pois      78%        N/A       1%          3
 Swiftness                Air            85%        N/A       1%          3
 Petrify                  Tmut/Erth      55%        N/A       1%          4
 Blade Hands              Tmut           35%        N/A       1%          5
 Leda's Liquefaction      Hex/Erth       15%        N/A       4%          4
 Passage of Golubria      Tloc           31%        N/A       4%          4
 Iron Shot                Conj/Erth      28%        9d6       16%         6
 Storm Form               Tmut/Air       39%        N/A       16%         7
 Haunt                    Necr/Summ      21%        N/A       86%         7
 Infestation              Necr           15%        N/A       100%        8
 Animate Armour           Summ/Erth      Unusable   N/A       N/A         4
 Animate Dead             Necr           Unusable   N/A       N/A         4

Dungeon Overview and Level Annotations

Branches:
Dungeon (15/15)            Temple (1/1) D:5            Lair (5/5) D:11
  Swamp (0/4) Lair:3       Spider (4/4) Lair:2        Slime (0/5) Lair:5
    Orc (2/2) D:9             Elf (0/3) Orc:2        Vaults (0/5) D:14
 Depths (0/4) D:15        Gauntlet (visited)

Altars:
Ashenzari
Cheibriados
Dithmenos
Elyvilon
Fedhas
Gozag
Hepliaklqana
Kikubaaqudgha
Makhleb
Nemelex Xobeh
Okawaru
Qazlal
Ru
Sif Muna
Trog
Uskayaw
Vehumet
Wu Jian
Xom
Yredelemnul
Zin
The Shining One
Jiyva

Shops:
D:5 *   D:11 *:==   Orc:2 [!==

Annotations:
D:4 2 transporters, qeuew's ghost, amateur NaWr
D:5 3 runed translucent doors, 13Fox's ghost, novice DsHu; Keeumabr's ghost, novice GnWn; Zdeegee's ghost, amateur OpHW; halvedace's ghost, amateur MiFi; jasper's ghost, novice DgWn
D:8 vampire
D:9 2 runed translucent doors
D:11 3 runed translucent doors, BleedingAnus's ghost, journeyman HOMo; Robaetem's ghost, journeyman TrBe; nalyd1's ghost, journeyman MiFi
Lair:3 1 runed translucent door
Lair:5 ice dragon


Innate Abilities, Weirdness & Mutations

You cannot wear most types of armour.
You are amphibious.
You can wear up to eight rings at the same time.
Your skin changes colour to match your surroundings (Stealth+).
Your rubbery body absorbs attacks. (AC +1, EV +1)
((You are camouflaged when in or above water. (Stealth+)))
You have tentacles for arms and can constrict up to eight enemies at once.


Message History

The culicivora is no longer distracted by gold.
The wolf spider seems less confused.
The wolf spider misses you. You block the wolf spider's attack.
The jumping spider leaps!
You slice the radroach!!
You feel a bit better.
You kill the radroach!
The orb spider pulsates with a strange energy.
The wolf spider's wounds heal themselves!
You block the wolf spider's attack. The wolf spider bites you!
The jumping spider completely misses you.
The jumping spider closely misses you.
You closely miss the jorogumo.
The jorogumo is no longer distracted by gold.
You grab the jorogumo.
The jorogumo is heavily wounded.
You constrict the jorogumo.
The jumping spider leaps!
You block the jorogumo's attack. The wolf spider hits you!
The wolf spider bites you but does no damage.
The wolf spider hits you!
* * * LOW HITPOINT WARNING * * *
You block the wolf spider's attack.
The jumping spider leaps!
Blink to where?
Press: ? - help, Dir - move target You lose your grip on the jorogumo.
As you read the scroll of blinking, it crumbles to dust.
The orb spider weaves a glowing orb of energy.
The jumping spider leaps!
The wolf spider is distracted by your dazzling golden aura.
An orb of destruction comes into view.
The jumping spider leaps!
The orb spider pulsates with a strange energy.
The jumping spider is distracted by your dazzling golden aura.
The jorogumo stares at you and mumbles some strange words.
The bolt of negative energy misses you.
The jumping spider's many legs skitter faintly.
There is a stone staircase leading up, spattered with blood here.
The wolf spider is no longer distracted by gold.
The jumping spider is distracted by your dazzling golden aura.
The broodmother is distracted by your dazzling golden aura.
The orb of destruction hits you!!!
You die...

.^....$§$...... ....
# ^...#.$$$..s...
..... . .
..s..$s....###..... .
.^......sss......?...
.......sH..s.........
.
....##.s.°s.○........
.
.........○..........$
. ...
....##○^#s.....#. .
##.^..○@^........ .
...^#..$$.^....... .
##^..............§ .
.......:......... .
#^.....^........^ #
^........^##^..$.
........... ....
^......#... .#.
.^#.... ..##


You could see 2 broodmothers, a jorogumo, 3 wolf spiders, 2 orb spiders, a
culicivora and 3 jumping spiders.

Vanquished Creatures
  Mara (Spider:3)
  Arachne (Spider:2)
  Jorgrun (D:14)
  3 emperor scorpions
  3 ghost moths
  An orc warlord (Orc:2)
  Aizul (Spider:2)
  A broodmother (Spider:3)
  A minotaur (Gauntlet)
  2 dire elephants
  Azrael (Spider:1)
  2 spark wasps
  An ettin (D:9)
  A great orb of eyes (D:15)
  4 entropy weavers
  Harold (Lair:1)
  8 hydras
  2 vault guards (D:14)
  7 two-headed ogres
  5 radroaches
  Erica (D:9)
  3 centaur warriors
  4 boulder beetles
  4 death yaks
  2 tengu warriors
  3 orc high priests
  Sonja (D:10)
  3 skysharks
  A pharaoh ant (Spider:2)
  A soul eater (Gauntlet)
  A sixfirhy (Gauntlet)
  4 orb spiders
  2 wizards
  Pikel (D:5)
  A lindwurm (Lair:5)
  5 orc knights (Orc:2)
  7 steelbarb worms
  3 deep elf pyromancers (D:14)
  6 orc sorcerers
  3 manticores
  7 ugly things
  21 wolf spiders
  4 cyclopes
  4 moths of wrath
  5 black mambas
  Joseph (D:9)
  3 gargoyles
  4 demonic crawlers
  20 cane toads
  11 torpor snails
  2 unseen horrors
  An efreet (D:13)
  9 komodo dragons
  4 rime drakes
  A freezing wraith (D:14)
  A tengu conjurer (D:14)
  A yaktaur (D:14)
  3 trolls
  A troll (shapeshifter) (D:15)
  9 polar bears (Lair:5)
  2 raiju (Lair:5)
  4 tyrant leeches (Lair:5)
  6 meliai
  20 tarantellas
  12 hornets
  18 blink frogs
  A jumping spider (shapeshifter) (D:12)
  5 dream sheep (Lair:5)
  19 jumping spiders
  3 wraiths
  5 slime creatures (D:14)
  4 shadows
  A vampire (D:12)
  12 culicivoras
  Sigmund (D:6)
  A basilisk (shapeshifter) (D:15)
  4 wyverns
  3 fire elementals
  10 humans (D:14)
  46 yaks
  Grum (D:11)
  A steam dragon (D:6)
  3 basilisks
  64 redbacks
  6 vampire mosquitoes (Lair:3)
  5 wargs
  22 water moccasins
  17 hell hounds
  A sky beast (D:7)
  15 black bears
  32 orc warriors
  A hornet zombie (D:6)
  5 ogres
  2 ice beasts
  19 wolves
  14 centaurs
  2 lemures
  A phantom (D:7)
  Blork the orc (D:6)
  4 kobold brigands
  A gnoll sergeant (D:8)
  15 bullfrogs
  3 scorpions
  6 wights
  4 howler monkeys
  2 electric eels
  2 bullfrog zombies (D:6)
  2 centaur zombies (D:6)
  6 hounds
  3 jellies
  Crazy Yiuf (D:5)
  19 orc priests
  A gnoll bouda (D:7)
  2 iguanas
  32 orc wizards
  A killer bee zombie (D:6)
  9 gnolls
  14 adders
  6 shadow imps
  2 white imps
  2 ufetubi (Gauntlet)
  2 worms
  2 dart slugs
  74 orcs
  4 bats
  6 endoplasms
  5 giant cockroaches
  A goblin (D:1)
  3 hobgoblins
  4 jackals (D:1)
  2 quokkas (D:3)
  7 ball pythons
  3 frilled lizards
  19 kobolds
  2 rats (D:1)
875 creatures vanquished.

Vanquished Creatures (others)
  40 fungi
  103 plants
  6 toadstools (Lair:3)
149 creatures vanquished.

Grand Total: 1024 creatures vanquished

Notes
Turn   | Place    | Note
-------+----------+-------------------------------------------
     0 | D:5      | Esekla the Octopode Delver began the quest for the Orb.
     0 | D:5      | Reached XP level 1. HP: 16/16 MP: 1/1
     3 | D:5      | Found a staircase to the Ecumenical Temple.
    19 | Temple   | Entered the Ecumenical Temple
   259 | D:5      | Noticed a black bear
   276 | D:5      | Found Giemp's General Store.
   362 | D:4      | Noticed a hound
   373 | D:4      | Killed a hound
   374 | D:4      | Reached XP level 2. HP: 21/21 MP: 1/3
   374 | D:4      | Reached XP level 3. HP: 26/26 MP: 1/4
   421 | D:4      | Noticed qeuew's ghost (amateur NaWr)
   422 | D:4      | Found a transporter.
   423 | D:4      | Found a transporter.
   690 | D:4      | Noticed a scorpion
   703 | D:4      | Found a sacrificial altar of Ru.
   758 | D:4      | Killed a scorpion
   759 | D:4      | Reached skill level 1 in Spellcasting
   759 | D:4      | Reached XP level 4. HP: 31/31 MP: 5/5
   844 | D:4      | Reached XP level 5. HP: 30/36 MP: 5/7
  1179 | D:4      | Noticed a lemure
  1179 | D:4      | Noticed a lemure
  1188 | D:4      | Reached XP level 6. HP: 43/43 MP: 8/8
  1195 | D:4      | Noticed Pikel
  1237 | D:4      | Found a white marble altar of Elyvilon.
  1260 | D:4      | Became a worshipper of Elyvilon the Healer
  1409 | D:6      | Identified the +4 robe "Cuffutt" {rC+ Regen+ MP+9 SInv}
  1570 | D:6      | Noticed Sigmund
  2168 | D:6      | Learned a level 2 spell: Poisonous Vapours
  2240 | D:6      | Noticed Blork the orc
  2321 | D:6      | Reached skill level 2 in Spellcasting
  2335 | D:6      | Reached skill level 1 in Poison Magic
  2355 | D:6      | Reached XP level 7. HP: 48/48 MP: 10/10
  2706 | D:6      | Found a shadowy altar of Dithmenos.
  2725 | D:6      | Noticed a steam dragon
  2774 | D:6      | Reached * piety under Elyvilon
  2879 | D:6      | Found an opulent altar of Gozag.
  2891 | D:6      | Fell from the grace of Elyvilon
  2891 | D:6      | Became a worshipper of Gozag Ym Sagoz the Greedy
  2900 | D:6      | Killed a steam dragon
  2901 | D:6      | Reached skill level 1 in Air Magic
  3011 | D:5      | Reached XP level 8. HP: 40/54 MP: 11/11
  3109 | D:5      | Bought a potion of curing for 36 gold pieces
  3521 | D:3      | Found an ornate altar of the Wu Jian Council.
  3818 | D:2      | Found a hazy altar of Hepliaklqana.
  3966 | D:1      | Learned a level 3 spell: Mephitic Cloud
  4460 | D:2      | Identified the +6 plate armour "Rexuff" {Int+2 SInv}
  5582 | D:5      | Found a runed translucent door.
  5583 | D:5      | Noticed Crazy Yiuf
  5591 | D:5      | Killed Crazy Yiuf
  5737 | D:5      | Reached skill level 10 in Stealth
  5784 | D:5      | Found a runed translucent gate.
  5784 | D:5      | Found a runed translucent gate.
  5784 | D:5      | Found a runed translucent gate.
  5784 | D:5      | Noticed halvedace's ghost (amateur MiFi)
  5784 | D:5      | Noticed Keeumabr's ghost (novice GnWn)
  5784 | D:5      | Noticed jasper's ghost (novice DgWn)
  5784 | D:5      | Noticed 13Fox's ghost (novice DsHu)
  5784 | D:5      | Noticed Zdeegee's ghost (amateur OpHW)
  5889 | D:5      | Killed Pikel
  5890 | D:5      | Reached skill level 5 in Long Blades
  5890 | D:5      | Reached skill level 3 in Spellcasting
  5890 | D:5      | Reached skill level 1 in Conjurations
  6135 | D:6      | Reached XP level 9. HP: 59/59 MP: 13/13
  6176 | D:6      | Reached skill level 1 in Short Blades
  6179 | D:6      | Killed Blork the orc
  6273 | D:6      | Killed Sigmund
  6354 | D:6      | Found a basalt altar of Yredelemnul.
  6363 | D:6      | Reached skill level 5 in Fighting
  6879 | D:7      | Got Ziff's Spellbook of the Geometric Coward
  7464 | D:7      | Learned a level 5 spell: Freezing Cloud
  7859 | D:7      | Reached skill level 4 in Spellcasting
  7999 | D:7      | Reached skill level 5 in Dodging
  7999 | D:7      | Reached skill level 1 in Ice Magic
  7999 | D:7      | Reached XP level 10. HP: 59/67 MP: 12/16
  8003 | D:7      | Reached skill level 1 in Throwing
  8532 | D:8      | Found a stormy altar of Qazlal.
  9484 | D:9      | Noticed a two-headed ogre
  9650 | D:9      | Noticed Erica
 10263 | D:9      | Noticed Joseph
 10276 | D:9      | Killed Joseph
 10277 | D:9      | Reached skill level 5 in Spellcasting
 10357 | D:9      | Noticed a two-headed ogre
 10397 | D:9      | Found a staircase to the Orcish Mines.
 10738 | D:9      | Killed a two-headed ogre
 10739 | D:9      | Reached XP level 11. HP: 74/74 MP: 17/19
 10786 | D:9      | Found a glowing silver altar of Zin.
 10863 | D:9      | Found a runed translucent door.
 10864 | D:9      | Found a runed translucent door.
 11394 | D:9      | Killed a two-headed ogre
 11395 | D:9      | Reached skill level 1 in Polearms
 11480 | D:9      | Killed Erica
 11605 | D:10     | Entered Level 10 of the Dungeon
 11605 | D:10     | Noticed Sonja
 11605 | D:10     | Found a radiant altar of Vehumet.
 11681 | D:10     | Killed Sonja
 12251 | D:10     | Learned a level 1 spell: Apportation
 12432 | D:10     | Noticed a two-headed ogre
 12439 | D:10     | Killed a two-headed ogre
 12440 | D:10     | Reached skill level 6 in Spellcasting
 13112 | D:11     | Found a runed translucent gate.
 13113 | D:11     | Found a runed translucent gate.
 13114 | D:11     | Found a runed translucent gate.
 13138 | D:11     | Noticed BleedingAnus's ghost (journeyman HOMo)
 13138 | D:11     | Noticed Robaetem's ghost (journeyman TrBe)
 13139 | D:11     | Noticed nalyd1's ghost (journeyman MiFi)
 13293 | D:11     | Found a staircase to the Lair.
 13390 | D:11     | Noticed Grum
 13398 | D:11     | Killed Grum
 13709 | D:11     | Noticed a two-headed ogre
 13725 | D:11     | Killed a two-headed ogre
 13842 | D:11     | Noticed a two-headed ogre
 13891 | D:11     | Killed a two-headed ogre
 13892 | D:11     | Reached skill level 5 in Poison Magic
 13932 | D:11     | Reached XP level 12. HP: 81/81 MP: 20/22
 14138 | Lair:1   | Entered Level 1 of the Lair of Beasts
 14632 | Lair:1   | Reached skill level 5 in Air Magic
 14711 | Lair:1   | Found a stormy altar of Qazlal.
 14759 | Lair:1   | Identified 2 scrolls of acquirement
 14853 | Lair:1   | Reached skill level 7 in Spellcasting
 15007 | Lair:1   | Reached skill level 5 in Ice Magic
 15240 | Lair:1   | Noticed Harold
 15251 | Lair:1   | Killed Harold
 15623 | D:11     | Bought a thick ruby amulet for 130 gold pieces
 15759 | Lair:2   | Noticed a five-headed hydra
 15845 | Lair:2   | Noticed a four-headed hydra
 16273 | Lair:2   | Killed a four-headed hydra
 16422 | Lair:2   | Reached skill level 5 in Conjurations
 16858 | Lair:2   | Killed a five-headed hydra
 16859 | Lair:2   | Reached skill level 8 in Spellcasting
 16959 | Lair:2   | Noticed a death yak
 17001 | Lair:2   | Reached XP level 13. HP: 88/88 MP: 21/25
 17185 | Lair:2   | Reached skill level 1 in Transmutations
 17523 | Lair:2   | Found a hole to the Spider Nest.
 18261 | D:11     | Bought a book of Alchemy for 420 gold pieces
 18267 | D:11     | Learned a level 5 spell: Irradiate
 18631 | Lair:3   | Reached skill level 9 in Spellcasting
 19092 | Lair:3   | You fall into a shaft and drop 1 floor!
 19669 | Lair:3   | Identified the +1 war axe of the Summoning Whale {freeze,
                  | rPois Str+3 Dex+3}
 19680 | Lair:3   | Found a runed translucent door.
 19711 | Lair:3   | Noticed a dire elephant
 19775 | Lair:3   | Found a staircase to the Swamp.
 20930 | Orc:1    | Entered Level 1 of the Orcish Mines
 20990 | Orc:1    | Noticed an ettin
 21286 | D:12     | Reached skill level 10 in Long Blades
 22060 | D:12     | Reached XP level 14. HP: 77/97 MP: 7/27
 22248 | D:12     | Found a shadowy altar of Dithmenos.
 22727 | D:12     | Reached skill level 1 in Shields
 23210 | Lair:4   | Reached skill level 10 in Spellcasting
 23559 | Lair:5   | Entered Level 5 of the Lair of Beasts
 24165 | Lair:5   | Found a runed translucent door.
 24882 | Lair:5   | Found a shimmering blue altar of Sif Muna.
 25424 | Lair:5   | Noticed a dire elephant
 25471 | Lair:5   | Killed a dire elephant
 25614 | Lair:5   | Reached skill level 11 in Spellcasting
 26166 | Lair:5   | Reached XP level 15. HP: 84/102 MP: 15/30
 26547 | Lair:5   | Found a viscous altar of Jiyva.
 26547 | Lair:5   | Found a staircase to the Slime Pits.
 26721 | D:11     | Bought a +4 ring of slaying for 1248 gold pieces
 27587 | D:13     | Found a gate leading to a gauntlet.
 27622 | Gauntlet | Entered a Gauntlet
 27622 | Gauntlet | Noticed a balrug
 27622 | Gauntlet | Found a transporter.
 27622 | Gauntlet | Found a transporter.
 27622 | Gauntlet | Found a transporter.
 27626 | Gauntlet | Found a transporter.
 27631 | Gauntlet | Noticed a balrug
 27642 | Gauntlet | Found a transporter.
 27649 | Gauntlet | Found a transporter.
 27651 | Gauntlet | Found the ring of the Octopus King
 27655 | Gauntlet | Found a transporter.
 27657 | Gauntlet | Found a transporter.
 27660 | Gauntlet | Found a transporter.
 27729 | Gauntlet | Found a transporter.
 27750 | Gauntlet | Found a transporter.
 27764 | Gauntlet | Found a transporter.
 28015 | Gauntlet | Identified a ring of the Octopus King {rF+ HP+2 AC+2 EV+2
                  | SH+2}
 28155 | Gauntlet | Identified the +7 sling of the Battered Beggars {speed,
                  | rCorr SInv}
 28155 | Gauntlet | Identified the +4 spear "Vekluocw" {drain, SInv}
 30289 | Orc:2    | Entered Level 2 of the Orcish Mines
 30377 | Orc:2    | Found a staircase to the Elven Halls.
 30446 | Orc:2    | Noticed an orc warlord
 30452 | Orc:2    | Paralysed by an orc sorcerer for 4 turns
 30636 | Orc:2    | Killed an orc warlord
 31316 | Orc:2    | Reached skill level 5 in Transmutations
 31456 | Orc:2    | Reached skill level 12 in Spellcasting
 31861 | Orc:2    | Found Plog's Armour Emporium.
 31867 | Orc:2    | Found Ejephett's Jewellery Shop.
 31878 | Orc:2    | Found Last's Distillery.
 31886 | Orc:2    | Found Sinoreg's Jewellery Emporium.
 31915 | Orc:2    | Acquired 861 gold pieces
 31916 | Orc:2    | Acquired a book of Changes
 31923 | Orc:2    | Learned a level 2 spell: Wereblood
 31928 | Orc:2    | Bought the amulet "Lucyunur" {Spirit rN+ Str+3 Int+3} for
                  | 807 gold pieces
 32094 | D:5      | Bought a scroll of acquirement for 624 gold pieces
 32094 | D:5      | Acquired the +1 buckler of the Mind {Fly rC- rN+ Str+7
                  | Int+2}
 32577 | D:14     | Reached skill level 10 in Fighting
 32774 | D:14     | Noticed Jorgrun
 32789 | D:14     | Killed Jorgrun
 33181 | D:14     | Found a gate to the Vaults.
 33196 | D:14     | Identified the +6 arbalest "Worm's Wrath" {elec, rN+ Int+4
                  | Dex+2}
 33248 | D:14     | Reached XP level 16. HP: 109/109 MP: 27/32
 33591 | D:15     | Entered Level 15 of the Dungeon
 34179 | D:15     | Found a staircase to the Depths.
 34713 | Spider:1 | Entered Level 1 of the Spider Nest
 34918 | Spider:1 | Reached skill level 10 in Dodging
 36653 | Spider:2 | Reached skill level 13 in Spellcasting
 36673 | Spider:2 | Noticed Arachne
 36695 | Spider:2 | Killed Arachne
 37338 | Spider:2 | Reached skill level 5 in Short Blades
 37458 | Spider:2 | Noticed Azrael
 38238 | Spider:1 | Killed Azrael
 38327 | Spider:2 | Noticed Aizul
 38340 | Spider:2 | Killed Aizul
 38992 | Spider:2 | Reached XP level 17. HP: 95/117 MP: 28/34
 39791 | Spider:3 | Noticed Mara
 39798 | Spider:3 | Killed Mara
 40505 | D:11     | Bought the ring "Wummen" {Wiz rPois Str+3 SInv} for 878
                  | gold pieces
 40505 | D:11     | Bought the ring "Qoipoj" {rCorr MP+9 Int+3} for 661 gold
                  | pieces
 40666 | Orc:2    | Bought a potion of heal wounds for 80 gold pieces
 40666 | Orc:2    | Bought a potion of heal wounds for 80 gold pieces
 40666 | Orc:2    | Bought a potion of heal wounds for 80 gold pieces
 40796 | D:11     | Bought a book of the Sky for 660 gold pieces
 40796 | D:11     | Bought a book of Air for 330 gold pieces
 40801 | D:11     | Learned a level 4 spell: Airstrike
 40806 | D:11     | Learned a level 4 spell: Summon Lightning Spire
 41100 | Spider:3 | Identified the +3 hand axe of Immorality {heavy, Str+2}
 41425 | Spider:3 | Reached skill level 1 in Summonings
 41785 | Spider:3 | Reached skill level 5 in Shields
 42055 | Spider:3 | Reached skill level 14 in Spellcasting
 42355 | Spider:4 | Entered Level 4 of the Spider Nest
 42600 | Spider:3 | Learned a level 8 spell: Maxwell's Capacitive Coupling
 42662 | Spider:4 | Blown up by an orb spider

Illustrated notes

Levels and vault maps discovered:
D:1:      nicolae_arrival_washed_ashore, layout_basic
D:2:      layout_rooms, basic_altar
D:3:      layout_basic, nicolae_wu_jian_immortal_techniques
D:4:      layout_basic, kennysheep_mini_moat, lemuel_coloured_pillars_altar,
          gammafunk_ghost_arena, serial_bayou_lake_a, uniq_pikel
D:5:      layout_loops_ring, minmay_temple_entry_overgrown,
          gammafunk_ghost_cemetery, serial_shops, shop, uniq_crazy_yiuf_cottage
D:6:      layout_loops_ring, nicolae_yredelemnul_corpse_copse,
          grunt_gozag_statues, mainiacjoe_overflow_six_doors_small,
          due_unseen_surprise, uniq_sigmund, uniq_blork_the_orc
D:7:      layout_basic
D:8:      layout_basic, nicolae_qazlal_scattered_showers, minmay_fountain_box,
          nzn_life_drinkers
D:9:      lemuel_insect_pit, layout_irregular_city, overflow_temple_1_default,
          erik_orc_2, uniq_erica, uniq_joseph
D:10:     layout_basic, vehumet_crystals, st_stairs_13,
          kennysheep_generic_room_3, uniq_sonja
D:11:     layout_irregular_city, grunt_lair_entry_orc_guard_hut,
          gammafunk_ghost_cemetery, uniq_grum
D:12:     layout_roguey, st_stairs_14, roderic_roman_lattice,
          nicolae_dithmenos_the_darkroom
D:13:     layout_stronghold, gauntlet_entry_generic,
          chequers_serial_rivers_room_a
D:14:     layout_irregular_city, ximxim_vaults_locker_room, uniq_jorgrun
D:15:     hangedman_depths_entry_try_elsewhere_first, layout_loops_cross,
          corexii_leaking_fountain
Temple:   oiseaux_autumnal_temple
Lair:1:   layout_long_grid, basic_altar, cheibrodos_lair_reptile_den,
          uniq_harold
Lair:2:   layout_regular_city, nicolae_spider_entry_orb_guardian,
          grunt_megastairs_2
Lair:3:   gammafunk_lair_enchanted_lake, layout_cave_pods,
          minmay_swamp_entry_swarm, beast_lair_carwin_7
Lair:4:   layout_roguey, serial_bayou_crossing
Lair:5:   wormcave, layout_regular_city, hangedman_lair_caniforms_friends,
          dpeg_slime_entry_enclosed, basic_altar, grunt_megastairs_1
Spider:1: layout_cave_pods
Spider:2: layout_spider_delve, uniq_aizul, uniq_arachne, uniq_azrael
Spider:3: layout_spider_delve, uniq_mara
Spider:4: grunt_spider_rune_circles, gammafunk_ghost_grave, drop_trap
Orc:1:    layout_caves
Orc:2:    st_orc_elflike, layout_caves

Skill      XL: |  1  2  3  4  5  6  7  8  9 10 11 12 13 14 15 16 17 |
---------------+----------------------------------------------------+-----
Stealth        | 7 8 9 10 11 12 | 12.3
Spellcasting   | 1 2 3 4 5 6 8 9 11 12 13 14 | 14.1
Fighting       | 4 5 6 7 9 10 11 | 11.4
Long Blades    | 3 4 5 7 8 9 10 11 12 | 12.4
Poison Magic   | 1 2 3 4 5 6 7 8 9 |  9.1
Dodging        | 3 4 5 6 7 8 9 10 11 | 11.2
Air Magic      | 1 2 3 4 5 6 7 8 9 |  9.0
Conjurations   | 1 3 4 5 6 |  6.2
Short Blades   | 1 2 3 5 |  5.5
Ice Magic      | 1 3 4 6 |  6.3
Throwing       | 1 2 3 4 |  4.9
Polearms       | 1 |  1.4
Transmutations | 2 4 5 |  5.7
Shields        | 3 4 5 |  5.2
Summonings     | 2 |  2.5
Evocations     | |  0.5

Action                     |  1- 3 |  4- 6 |  7- 9 | 10-12 | 13-15 | 16-18 || total
---------------------------+-------+-------+-------+-------+-------+-------++-------
  Melee: Falchion          |    14 |    52 |    69 |   203 |   391 |   208 ||   937
         Constrict         |     5 |    15 |    37 |    55 |   117 |   109 ||   338
         Tentacles         |     2 |    14 |    38 |    99 |   178 |   147 ||   478
         Dagger            |     1 |     7 |    51 |   154 |   236 |   223 ||   672
         Punch             |       |       |     3 |     8 |    10 |     8 ||    29
         Long sword        |       |       |    60 |       |       |       ||    60
         Great sword       |       |       |    25 |       |       |       ||    25
         Trident           |       |       |       |    12 |     1 |       ||    13
         Scimitar          |       |       |       |     4 |     9 |    10 ||    23
         Spear             |       |       |       |       |       |     4 ||     4
  Throw: Dart              |       |     1 |    10 |    42 |    32 |    19 ||   104
         Javelin           |       |       |     5 |     3 |     2 |       ||    10
         Boomerang         |       |       |     2 |     9 |   119 |     6 ||   136
   Cast: Mephitic Cloud    |       |       |     1 |    39 |    60 |    12 ||   112
         Poisonous Vapours |       |       |       |    99 |   175 |    75 ||   349
         Freezing Cloud    |       |       |       |    12 |    44 |     1 ||    57
         Apportation       |       |       |       |    17 |   146 |    40 ||   203
         Irradiate         |       |       |       |       |    19 |    25 ||    44
         Wereblood         |       |       |       |       |     1 |    17 ||    18
 Invoke: Call Merchant     |       |       |       |     2 |     1 |     1 ||     4
  Evoke: Wand              |       |     1 |       |     2 |       |     1 ||     4
    Use: Scroll            |     1 |       |    15 |     8 |    16 |     6 ||    46
         Potion            |     1 |       |     2 |     1 |     6 |     9 ||    19
   Stab: Sleeping          |     2 |     7 |    39 |    29 |    47 |    28 ||   152
         Distracted        |       |       |     4 |     4 |    14 |     8 ||    30
         Confused          |       |       |     2 |    34 |    69 |    15 ||   120
         Invisible         |       |       |       |       |       |     1 ||     1
 Armour: Skin              |     1 |     3 |    11 |     3 |    10 |    37 ||    65
  Dodge: Dodged            |     9 |    24 |   103 |   220 |   509 |   354 ||  1219
  Block: Other             |       |       |       |       |    12 |       ||    12
         Buckler           |       |       |       |       |     7 |   198 ||   205

Table legend: (Time is in decaauts)
 A = Elapsed time spent in this place.
 B = Non-inter-level travel time spent in this place.
 C = Inter-level travel time spent in this place.
 D = Time resting spent in this place.
 E = Time spent auto-exploring this place.
 F = Levels seen in this place.
 G = Mean time per level.
                   A        B        C        D        E       F      G
               +--------+--------+--------+--------+--------+-----+--------+
         Total |  42275 |  38983 |   3292 |  14065 |   8651 |  28 | 1509.8 |
       Dungeon |  21298 |  19617 |   1681 |   5859 |   4158 |  15 | 1419.9 |
        Temple |    212 |    184 |     28 |      0 |    171 |   1 |  212.0 |
          Lair |  10824 |   9850 |    974 |   3811 |   2903 |   5 | 2164.8 |
   Spider Nest |   6986 |   6557 |    429 |   3487 |   1070 |   4 | 1746.5 |
  Orcish Mines |   2254 |   2075 |    179 |    679 |    330 |   2 | 1127.0 |
      Gauntlet |    697 |    697 |      0 |    229 |     19 |   1 |  697.0 |
               +--------+--------+--------+--------+--------+-----+--------+

Top non-repeatable levels by time:
  Lair:5: 3350 daAuts
     D:9: 3336 daAuts
Spider:2: 2552 daAuts
  Lair:1: 2332 daAuts
Spider:1: 2285 daAuts
  Lair:2: 2188 daAuts
Spider:3: 2066 daAuts
    D:11: 2053 daAuts
     D:6: 1958 daAuts
  Lair:3: 1877 daAuts
    D:12: 1652 daAuts
     D:7: 1588 daAuts
    D:10: 1462 daAuts
     D:8: 1411 daAuts
   Orc:2: 1357 daAuts
